 Dungeon Crawl Stone Soup version 0.17-a0-1625-g47e540b (webtiles) character file.

1231 Television the Grappler (level 8, 0/75 HPs)
             Began as a Troll Summoner on Aug 2, 2015.
             Was a Follower of Qazlal.
             Slain by an orc warrior
             ... wielding a +0 flail
              (8 damage)
             ... on level 7 of the Dungeon.
             The game lasted 00:11:06 (1494 turns).

Television the Grappler (Troll Summoner)            Turns: 1494, Time: 00:11:06

Health: 0/75       AC:  5    Str: 19    XL:     8   Next: 24%
Magic:  5/8        EV:  9    Int: 11    God:    Qazlal [*.....]
Gold:   133        SH:  1    Dex: 10    Spells: 2 memorised, 6 levels left

rFire  + . .     SeeInvis .       - Unarmed
rCold  . . .     Clarity  .     a - +0 robe
rNeg   . . .     SustAt   .     (no shield)
rPois  .         Gourm    +     (helmet restricted)
rElec  .         Spirit   .     (no cloak)
rCorr  .         Warding  .     (gloves unavailable)
rMut   .         Stasis   .     (boots unavailable)
MR     .....                    (no amulet)
Stlth  +.........               h - ring of protection from fire
                                n - ring of wizardry

@: not resistant to hostile enchantments, very unstealthy
A: unfitting armour, claws 3, fast metabolism 3, gourmand, regeneration 2,
shaggy fur 1, tough skin 2
a: Renounce Religion


You were on level 7 of the Dungeon.
You worshipped Qazlal.
Qazlal was aware of your devotion.
You were full.

You visited 1 branch of the dungeon, and saw 7 of its levels.

You collected 133 gold pieces.

Inventory:

Hand weapons
 f - a +0 hunting sling of evasion
 i - a +1 dagger of venom
 s - a +2 whip of freezing
Missiles
 g - 19 stones (quivered)
Armour
 a - a +0 robe (worn)
Jewellery
 h - a ring of protection from fire (right claw)
 n - a ring of wizardry (left claw)
 o - an uncursed ring of sustain attributes
Magical devices
 e - a wand of polymorph (11)
Scrolls
 j - a scroll of remove curse {unknown}
 k - a scroll of teleportation {unknown}
 r - a scroll of magic mapping {unknown}
Potions
 l - 2 potions of degeneration
 m - 2 potions of cancellation {unknown}
 p - a potion of cure mutation {unknown}
Books
 b - a book of Callings

   Spells                             Type                      Level
   a - Summon Small Mammal            Summoning                    1
   b - Call Imp                       Summoning                    2
   c - Call Canine Familiar           Summoning                    3
   d - Summon Guardian Golem          Hexes/Summoning              3
   e - Summon Lightning Spire         Summoning/Air                4
   f - Summon Ice Beast               Ice/Summoning                4
Comestibles
 c - 2 bread rations
 q - a meat ration


   Skills:
 + Level 3.4 Fighting
 - Level 1.5 Dodging
 - Level 1.1 Stealth
 * Level 8.8 Unarmed Combat
 - Level 1.2 Spellcasting
 - Level 2.9 Summonings


You had 6 spell levels left.
You knew the following spells:

 Your Spells              Type           Power        Failure   Level  Hunger
a - Summon Small Mammal   Summ           #...         4%          1    ##.....
b - Call Imp              Summ           #.......     7%          2    ###....


Dungeon Overview and Level Annotations

Branches:
Dungeon (7/15)
 Temple: D:4-7

Altars:
Qazlal
Yredelemnul
Zin
The Shining One


Innate Abilities, Weirdness & Mutations

You are too large for most types of armour.
You have claws for hands.
Your metabolism is lightning-fast.
You like to eat raw meat.
You heal very quickly.
You are covered in fur (AC +1).
You have very tough skin (AC +2).


Message History

Your crimson imp disappears in a puff of smoke!
The orc warrior misses you. The orc hits you but does no damage.
Your crimson imp completely misses the orc.
You barely miss the orc warrior.
The orc warrior is almost dead.
The orc barely misses you. The orc warrior hits you with a flail!
* * * LOW HITPOINT WARNING * * *
The orc closely misses you.
Your crimson imp barely misses the orc.
You scratch the orc warrior but do no damage.
The orc warrior is almost dead.
The orc hits you but does no damage.
You scratch the orc warrior.
The orc warrior is almost dead.
The orc warrior closely misses you. The orc barely misses you.
Your crimson imp hits the orc.
The orc hits you.
* * * LOW HITPOINT WARNING * * *
Drink which item? (? for menu, Esc to quit)
You feel better.
Your crimson imp barely misses the orc.
The orc warrior hits you with a flail!
You die...

#.................
#.################
#.# ... #.####.###
.#######.#.......
...............##
########.........
#.......# #@o.#####
#oo5..... #..#####.
.... #.#.## #.#.#
#.#..
#.#################
#............[[(.


You could see an orc warrior, 2 orcs and a friendly crimson imp.

Vanquished Creatures
  Pikel (D:7)
  A water moccasin (D:7)
  An orc warrior (D:6)
  A sky beast (D:6)
  4 slaves (D:7)
  An ice beast (D:6)
  A giant frog (D:7)
  A wyvern skeleton (D:6)
  2 orc wizards (D:6)
  2 worker ants
  A jelly (D:6)
  An iguana (D:6)
  A hound skeleton (D:5)
  Robin (D:2)
  An adder (D:2)
  An ooze (D:6)
  2 worms
  An adder skeleton (D:5)
  2 giant geckos
  6 orcs
  A ball python (D:4)
  9 goblins
  4 hobgoblins (D:2)
  2 quokkas
  2 bats
  A giant gecko skeleton (D:4)
  A giant newt (D:4)
  4 kobolds (D:2)
  A rat (D:2)
57 creatures vanquished.

Vanquished Creatures (collateral kills)
  An orc wizard (D:7)
1 creature vanquished.

Grand Total: 58 creatures vanquished

Notes
Turn   | Place    | Note
--------------------------------------------------------------
     0 | D:1      | Television the Troll Summoner began the quest for the Orb.
     0 | D:1      | Reached XP level 1. HP: 16/16 MP: 1/1
   104 | D:2      | Reached skill level 1 in Unarmed Combat
   145 | D:2      | Reached XP level 2. HP: 13/24 MP: 2/2
   173 | D:2      | Noticed Robin
   220 | D:2      | Killed Robin
   237 | D:2      | Reached XP level 3. HP: 29/31 MP: 3/3
   330 | D:2      | Reached skill level 3 in Unarmed Combat
   481 | D:4      | Reached XP level 4. HP: 26/39 MP: 4/4
   616 | D:4      | You fall through a shaft!
   624 | D:6      | Noticed an ice beast
   633 | D:6      | Killed an ice beast
   633 | D:6      | Reached skill level 5 in Unarmed Combat
   633 | D:6      | Reached XP level 5. HP: 45/45 MP: 5/5
   688 | D:6      | Noticed a fire elemental
   690 | D:6      | Found a stormy altar of Qazlal.
   698 | D:6      | Noticed a water elemental
   698 | D:6      | Noticed an air elemental
   703 | D:6      | Became a worshipper of Qazlal Stormbringer
   751 | D:5      | Entered Level 5 of the Dungeon
   800 | D:5      | Reached XP level 6. HP: 47/53 MP: 6/6
   855 | D:5      | Reached skill level 6 in Unarmed Combat
   977 | D:6      | Found a glowing golden altar of the Shining One.
   982 | D:6      | Found a basalt altar of Yredelemnul.
   987 | D:6      | Noticed an orc warrior
  1025 | D:6      | Killed an orc warrior
  1025 | D:6      | Reached skill level 1 in Fighting
  1111 | D:6      | Found a glowing silver altar of Zin.
  1112 | D:6      | Noticed a sky beast
  1126 | D:6      | Killed a sky beast
  1126 | D:6      | Reached skill level 7 in Unarmed Combat
  1126 | D:6      | Reached XP level 7. HP: 49/63 MP: 7/7
  1229 | D:7      | Noticed Pikel
  1274 | D:7      | Killed Pikel
  1274 | D:7      | Reached skill level 8 in Unarmed Combat
  1274 | D:7      | Reached XP level 8. HP: 17/75 MP: 8/8
  1438 | D:7      | Learned a level 2 spell: Call Imp
  1489 | D:7      | Acquired Qazlal's first power
  1493 | D:7      | HP: 3/75 [orc (3)]
  1494 | D:7      | Slain by an orc warrior

Vault maps used:
D:1:      lemuel_arrival_river_ford, minmay_door_square
D:2:      first_bread, uniq_natasha, uniq_robin, uniq_terence
D:4:      forest_paths
D:5:      serial_shops, shop, uniq_sigmund
D:6:      grunt_temple_overflow_holy_war, kennysheep_little_box,
          nicolae_qazlal_style_of_elements, kennysheep_mini_moat
D:7:      lemuel_slime, uniq_pikel

Action                   |  1- 3 |  4- 6 |  7- 9 || total
-------------------------+-------+-------+-------++-------
Melee: Unarmed           |   109 |    67 |    88 ||   264
       Dagger            |       |       |     4 ||     4
 Fire: Hunting sling     |     5 |    17 |     7 ||    29
Throw: Stone             |       |     5 |    13 ||    18
 Cast: Summon Small Mamm |     2 |       |       ||     2
       Call Imp          |       |       |     3 ||     3
  Use: Scroll            |       |     4 |       ||     4
       Potion            |       |     1 |     1 ||     2
 Stab: Sleeping          |       |     1 |       ||     1
  Eat: Chunk             |     8 |     6 |     2 ||    16
